AoeStats
← aguspollodube

Black Forest

506023182Analyzed
2v2 RM · 21d ago on Sep 12, 2026· 46m 59s· 4 players
Game mode
Random Map
Map size
Medium (4 player)
Population
200
Speed
Normal
Resources
Standard
Victory
Conquest
Starting age
Dark Age
Ending age
Imperial Age
RankedLock teamsTeams togetherTeam positionsShared explorationLock speedFull tech treeHidden civsTurbo modeCheats
Victory
Defeat
🇦🇷 Persians · Argentina
649
+15
🇦🇷 Maya · Argentina
632
+16
🇨🇱 Khmer · Chile
664
-16
🇨🇱 Celts · Chile
606
-15
Cami Fer
0:29 Loom
16:59 Feudal Age
23:01 Gold Mining
24:08 Wheelbarrow
24:46 Horse Collar
30:41 Man-at-Arms
38:44 Castle Age
40:04 Husbandry
40:15 Bloodlines
41:22 Double-Bit Axe
44:07 Heavy Plow
Sebasstt
0:34 Loom
15:43 Feudal Age
17:14 Double-Bit Axe
19:20 Wheelbarrow
26:11 Castle Age
24:30 Scale Barding Armor
27:13 Light Cavalry
27:57 Gold Mining
28:03 Pikeman
28:41 Town Watch
35:03 Bow Saw
36:33 Hand Cart
40:17 Forging
39:47 Crossbowman
42:12 Horse Collar
42:22 Elite Skirmisher
44:30 Iron Casting
ING123
10:35 Feudal Age
8:53 Loom
12:14 Wheelbarrow
11:32 Horse Collar
12:48 Stone Mining
15:10 Town Watch
16:11 Double-Bit Axe
17:13 Gold Mining
24:36 Castle Age
23:28 Bloodlines
24:46 Forging
24:42 Scale Barding Armor
26:04 Hand Cart
27:37 Husbandry
aguspollodube
0:41 Loom
13:02 Feudal Age
13:27 Horse Collar
15:19 Wheelbarrow
15:15 Double-Bit Axe
18:43 Gold Mining
23:23 Castle Age
21:48 Fletching
22:00 Padded Archer Armor
24:16 Bow Saw
24:10 Heavy Plow
24:03 Stone Mining
27:06 Crossbowman
27:43 Eagle Warrior
29:46 Hand Cart
32:20 Thumb Ring
36:36 Bodkin Arrow
36:57 Leather Archer Armor
36:55 Forging
42:39 Imperial Age
41:56 Iron Casting
41:22 Scale Mail Armor
42:56 Elite Plumed Archer
43:00 Capped Ram
46:35 Chemistry
45:20 Elite Eagle Warrior
48:03 Ring Archer Armor
47:35 Bracer
Connection lost

Rejoining the realm…

Still unreachable

The connection could not be restored.

Session expired

The server has moved on; the page needs a fresh start.